Summerheat, lawful female human Samurai ----- ---- ---- --.|.--- -- -- ...---- |..| |......-- ---.-- |.. ....| |.^----- ---- ---.......| |....| ... |..----...%|.-- |..-- |.........| |....| - ---- -... -............| --...| ---.--....--- |.... |....|.......----------....---....-- |....------ |...||...-- |...- -...........|.|.|.--....-- --...-- |.....|V..-----.---|...--- |.. --.......................| --...| --......@.......| --....| ---.- |...---- ----........(...-- --.-- --..--.|..------ |..|.--- |..)| |...|--- ---...........- --- ------|...|.-- ---|...----.|.-- -..--.--------<..---......- |-.....--- --....)*.|..-----------.......|.--...-- --......- ---- ---........| --------|....*.........%.....*....^.| ...---..- |..---........--- --..---------..........|....| .--- --. --...^.....|..-- ---- --.........|...-- - |........------ --............. |.....---- ................| ---..-- |...........--...| |..| --.--.----.----.-- ---- -- --- --- -- Summerheat the Kunoichi Experience level: 6 Strength: 18 Dexterity: 14 Constitution: 18 Intelligence: 9 Wisdom: 10 Charisma: 9 Health: 0(56) Energy: 17(18) Def: 3 Gold: 445 Moves: 3564 Dungeon seed: ncJq8OlSbnbG3YAc Game ID: Summerheat_1437116862 Your Inventory: Coins $ - 445 gold pieces Amulets j - an uncursed amulet of reflection (being worn) k - an uncursed amulet of ESP C - an uncursed amulet of magical breathing Weapons a - a corroded +0 katana (alternate weapon; not wielded) b - a corroded +2 wakizashi (weapon in hand) c - a +1 yumi d - 37 +0 ya (in quiver) Armor e - an uncursed +0 dwarvish cloak n - a cursed -3 leather armor (being worn) r - an uncursed +0 pair of yugake (being worn) y - an uncursed +0 helm of brilliance (being worn) N - an uncursed +0 pair of high boots (being worn) Comestibles h - an uncursed lichen corpse p - 2 uncursed sprigs of wolfsbane w - an uncursed carrot J - an uncursed fortune cookie R - an uncursed pear T - an uncursed cockatrice corpse V - an uncursed lizard corpse Potions I - an uncursed potion of object detection P - an uncursed potion of see invisible Rings s - a cursed -1 ring of increase accuracy D - an uncursed ring of slow digestion L - a cursed ring of hunger W - an uncursed ring of stealth Wands l - a wand of enlightenment (0:10) u - a wand of enlightenment (0:15) v - a wand of opening (0:7) A - a wand of striking (0:4) Tools f - an uncursed blindfold x - an uncursed skeleton key F - an uncursed stethoscope Q - an uncursed oil lamp (0:1340) S - 13 uncursed tallow candles (0:200) U - 5 blessed tallow candles (0:200) X - an uncursed magic whistle Gems q - 6 uncursed flint stones z - 2 uncursed touchstones Spells and supernatural/magical abilities: Name Level Category Fail Memory W - pray for help -- divine ? -- Your skills at the end: Fighting Skills martial arts [Basic] Weapon Skills short sword [Skilled] long sword [Skilled] bow [Basic] Spellcasting Skills Final Attributes: You were stridently aligned. You were fast. You had reflection. You are dead. Vanquished creatures: 2 small mimics a leather golem a cockatrice 3 giant spiders a vampire bat 2 gnome kings a brown pudding a lizard a dwarf lord a dust vortex a bugbear a pony a yellow light 2 violet fungi 13 gnome lords 2 gnomish wizards a black naga hatchling 5 giant ants a dwarf 6 hill orcs a rothe 2 orc zombies a coyote 3 hobbits a large kobold 2 giant rats a yellow mold 2 green molds 2 red molds 53 gnomes 3 geckos 6 jackals a fox 2 goblins 4 grid bugs a lichen 3 newts 135 creatures vanquished. Voluntary challenges: You had been an atheist until turn 2174. You used a wielded weapon 228 times, starting on turn 25. You read items or engraved 12 times, starting on turn 97. You never genocided any monsters. You never polymorphed an object. You changed form 1 time, starting on turn 2857. You used no wishes. You never split a pudding. You wrote Elbereth's name 1 time, starting on turn 97. You violated your moral code, losing 2 points of alignment, starting on turn 2935. You abstained from Elbereth's help. Dungeon overview: The Dungeons of Doom: levels 1 to 4 Level 1 a long staircase Level 2 some fountains Level 3 stairs to The Gnomish Mines Level 4 a fountain The Gnomish Mines: levels 4 to 12 Level 4 stairs to The Dungeons of Doom Level 5 Level 6 Level 7 many shops, a temple to Amaterasu Omikami, some fountains, some trees Level 8 Level 9 Level 10 Level 11 <- You were here Level 12 History has recorded: On T:1 you entered the Dungeons of Doom to retrieve the Amulet of Yendor! On T:276 you reached level 2 of The Dungeons of Doom. On T:443 you advanced to experience level 2. On T:702 you reached level 3 of The Dungeons of Doom. On T:787 you advanced to experience level 3. On T:972 you reached level 4 of The Dungeons of Doom. On T:1224 you reached level 1 of The Gnomish Mines. On T:1233 you advanced to experience level 4. On T:1397 you advanced to experience level 5. On T:1604 you reached level 2 of The Gnomish Mines. On T:1832 you reached level 3 of The Gnomish Mines. On T:1838 you advanced to experience level 6. On T:2081 you reached level 4 of The Gnomish Mines. On T:2263 you advanced to experience level 7. On T:2491 you reached level 5 of The Gnomish Mines. On T:2968 you reached level 6 of The Gnomish Mines. On T:3388 you reached level 7 of The Gnomish Mines. On T:3392 you advanced to experience level 8. On T:3442 you reached level 8 of The Gnomish Mines. On T:3560 you reached level 9 of The Gnomish Mines. Score breakdown: Gold: 445 ( 44 points) Experience: 6 levels ( 500 points) Exploration: 12 levels ( 330 points) Discoveries: 22 items ( 1100 points) Variety of kills: 37 monsters ( 1850 points) Major goal: (nothing yet) ( 0 points) Survival: died (score multiplied by 3) Total score: 11472 Latest messages: You hit the vampire lord! The vampire lord hits! The vampire lord bites! Sayonara level 7. You die... Final status: Sayonara Summerheat the Samurai, killed by a vampire lord... You died in The Gnomish Mines on dungeon level 11 with 11472 points, and 445 pieces of gold, after 3564 moves. You were level 6 with a maximum of 56 hit points when you died.